 Dungeon Crawl Stone Soup version 0.17.0-28-g6e173f8 (console) character file.

175 Kloppie the Firebug (level 5, -1/31 HPs)
             Began as an Octopode Fire Elementalist on Dec 2, 2015.
             Killed from afar by Blork the orc (6 damage)
             ... with a puff of frost
             ... on level 3 of the Dungeon.
             The game lasted 00:06:37 (3791 turns).

Kloppie the Firebug (Octopode Fire Elementalist)    Turns: 3791, Time: 00:06:37

Health: -1/31      AC:  1    Str:  7    XL:     5   Next: 55%
Magic:  14/18      EV: 12    Int: 18    God:
Gold:   151        SH:  0    Dex: 15    Spells: 3 memorised, 2 levels left

rFire  . . .     SeeInvis .     c - +0 short sword
rCold  . . .     Clarity  .     (no shield)
rNeg   . . .     SustAt   .     (helmet restricted)
rPois  .         Gourm    .     (no amulet)
rElec  .         Spirit   .     i - +2 ring of dexterity
rCorr  .         Warding  .     f - ring of magical power (curse)
rMut   .         Stasis   .     (no ring)
MR     .....                    (no ring)
Stlth  +++.......               (no ring)
                                (no ring)
                                (no ring)
                                (no ring)

@: very slightly contaminated, not resistant to hostile enchantments, fairly
stealthy
A: almost no armour, amphibious, 8 rings, constrict 8, camouflage 1, gelatinous
body 1
a: no special abilities


You were on level 3 of the Dungeon.
You were not hungry.

You visited 1 branch of the dungeon, and saw 3 of its levels.

You collected 151 gold pieces.

Inventory:

Hand Weapons
 c - a +0 short sword (weapon)
Jewellery
 f - a cursed ring of magical power (right tentacle)
 i - a +2 ring of dexterity (left tentacle)
Scrolls
 h - 2 scrolls of remove curse
 j - a scroll of fog {unknown}
 p - a scroll of enchant weapon {unknown}
Potions
 d - 4 potions of curing
 e - 2 potions of might
 g - a potion of flight {unknown}
 m - a potion of brilliance
 n - a potion of resistance
Books
 a - a book of Flames

   Spells                             Type                      Level
   a - Flame Tongue                   Conjuration/Fire             1
   b - Throw Flame                    Conjuration/Fire             2
   c - Conjure Flame                  Conjuration/Fire             3
   d - Inner Flame                    Hexes/Fire                   3
   e - Sticky Flame                   Conjuration/Fire             4
   f - Fireball                       Conjuration/Fire             5
Comestibles
 b - 2 bread rations
 k - a meat ration
 l - 3 slices of pizza
 q - 5 chunks of flesh


   Skills:
 - Level 2.0 Dodging
 - Level 2.6 Stealth
 + Level 3.0 Spellcasting
 + Level 3.1 Conjurations
 + Level 4.4 Fire Magic


You had 2 spell levels left.
You knew the following spells:

 Your Spells              Type           Power        Failure   Level  Hunger
a - Flame Tongue          Conj/Fire      ###..        3%          1    None
b - Conjure Flame         Conj/Fire      ###.....     12%         3    ###....
c - Sticky Flame          Conj/Fire      ###.....     34%         4    ####...


Dungeon Overview and Level Annotations

Branches:
Dungeon (3/15)

Altars:
Kikubaaqudgha
Makhleb
Yredelemnul

Annotations:
D:3 Blork the orc


Innate Abilities, Weirdness & Mutations

You cannot wear most types of armour.
You are amphibious.
You can wear up to eight rings at the same time.
You can use your tentacles to constrict eight enemies at once.
Your skin changes colour to match your surroundings (Stealth).
Your rubbery body absorbs attacks (AC +1).


Message History

Press: ? - help, Shift-Dir - straight line, f/p - Blork the orc
Aim: Blork the orc, wielding a long sword and wearing an embroidered robe (heavily wounded)
You miscast Flame Tongue.
You are very lightly contaminated with residual magic.
Sparks fly from your tentacles! Blork the orc casts a spell at you.
The puff of flame hits you!
* * * LOW HITPOINT WARNING * * *
Casting: Flame Tongue
Confirm with . or Enter, or press ? or * to list all spells.
Aiming: Flame Tongue
Press: ? - help, Shift-Dir - straight line, f/p - Blork the orc
Aim: Blork the orc, wielding a long sword and wearing an embroidered robe (steam, heavily wounded)
The flame tongue misses Blork the orc.
You are engulfed in a cloud of scalding steam.
* * * LOW HITPOINT WARNING * * *
Blork the orc is engulfed in a cloud of scalding steam.
Blork the orc gestures at you while chanting.
The puff of frost hits you!
You die...

#.......##
.........##
...≈≈≈....#
...≈≈≈≈≈...##
...≈≈...≈§...#
...≈≈.>.≈§...#
...≈≈..o§≈...#
#...≈≈≈≈≈...##
#....≈≈≈.@..# #.
#.........## .
#.......## ###
###...### ..# #...#
..###### #...# #.#
.......######.#######
#.##
..####(..............
..o# ### ..#
#.###...#####.## #..#
#..


You could see Blork the orc.

Vanquished Creatures
  A wight (D:3)
  Terence (D:3)
  3 adders
  2 oozes (D:1)
  4 worms
  A giant gecko (D:1)
  6 orcs (D:3)
  5 bats
  3 giant cockroaches (D:1)
  4 goblins
  5 hobgoblins
  8 jackals
  2 quokkas
  2 giant newts
  4 kobolds
  6 rats
  3 rat zombies (D:2)
  A spectral orc (D:2)
61 creatures vanquished.

Notes
Turn   | Place    | Note
--------------------------------------------------------------
     0 | D:1      | Kloppie the Octopode Fire Elementalist began the quest for the Orb.
     0 | D:1      | Reached XP level 1. HP: 11/11 MP: 3/3
   301 | D:1      | Reached XP level 2. HP: 17/17 MP: 0/5
   680 | D:1      | Reached XP level 3. HP: 6/21 MP: 4/6
  1342 | D:1      | Learned a level 3 spell: Conjure Flame
  1631 | D:2      | Found an ancient bone altar of Kikubaaqudgha.
  2031 | D:2      | Found a burning altar of Makhleb.
  2067 | D:2      | Reached skill level 4 in Fire Magic
  2359 | D:2      | Reached XP level 4. HP: 23/27 MP: 7/7
  2519 | D:2      | Found a basalt altar of Yredelemnul.
  3245 | D:3      | Reached XP level 5. HP: 9/31 MP: 0/9
  3495 | D:3      | Noticed Terence
  3517 | D:3      | Killed Terence
  3583 | D:3      | Learned a level 4 spell: Sticky Flame
  3778 | D:3      | Noticed Blork the orc
  3791 | D:3      | Killed from afar by Blork the orc

Action                   |  1- 3 |  4- 6 || total
-------------------------+-------+-------++-------
Melee: Unarmed           |    18 |       ||    18
       Short sword       |    63 |    41 ||   104
 Cast: Flame Tongue      |    29 |    32 ||    61
       Conjure Flame     |       |     1 ||     1
  Use: Scroll            |       |     5 ||     5
 Stab: Sleeping          |     6 |     4 ||    10
  Eat: Chunk             |     5 |     4 ||     9
